 Dungeon Crawl Stone Soup version 0.30-a0-1075-gcd70e7a56d (webtiles) character file.

Game seed: 13630260274010983495

51 ryw the Cudgeller (level 3, -1/29 HPs)
             Began as a Mummy Fighter on Apr 15, 2023.
             Slain by Jessica
             ... wielding a +6 club
              (6 damage)
             ... on level 2 of the Dungeon.
             The game lasted 00:02:27 (1656 turns).

ryw the Cudgeller (Mummy Fighter)                   Turns: 1656, Time: 00:02:27

Health: -1/29      AC:  7    Str: 21    XL:     3   Next: 58%
Magic:  3/3        EV:  9    Int:  7    God:
Gold:   803        SH:  4    Dex: 11    Spells: 2/2 levels left

rFire   x . .      SeeInvis .    a - +0 flail
rCold   + . .      Faith    +    c - +0 buckler
rNeg    + + +      Spirit   .    b - +0 scale mail
rPois   ∞          Reflect  .    (no helmet)
rElec   .          Rampage  .    (no cloak)
rCorr   .                        e - +0 pair of gloves
Will    .....                    (no boots) Stlth
                                 (no amulet)
HPRegen 0.24/turn                (no ring)
MPRegen 0.08/turn                (no ring)

@: about to teleport
A: cold resistance 1, negative energy resistance 3, torment resistance 2, heat
vulnerability 1, in touch with death 1, no potions, faith
a: no special abilities


You were on level 2 of the Dungeon.
You visited 1 branch of the dungeon, and saw 2 of its levels.

You collected 803 gold pieces.

Inventory:

Hand Weapons
 a - a +0 flail (weapon)
Armour
 b - a +0 scale mail (worn)
 c - a +0 buckler (worn)
 e - a +0 pair of gloves (worn)
Jewellery
 f - an amulet of magic regeneration
 h - a +6 ring of strength
Scrolls
 d - 3 scrolls of teleportation
 g - a scroll of identify {unknown}
 i - a scroll of amnesia {unknown}
 j - a scroll of blinking {unknown}


   Skills:
 - Level 3.0 Fighting
 + Level 3.3 Maces & Flails
 - Level 2.4 Armour
 - Level 2.4 Shields


You had 2 spell levels left.
You didn't know any spells.
Your spell library was empty.

Dungeon Overview and Level Annotations

Branches:
Dungeon (2/15)

Altars:

Annotations:
D:2 Jessica


Innate Abilities, Weirdness & Mutations

You are immune to poison.
Your flesh is cold resistant. (rC+)
You are immune to negative energy. (rN+++)
You are immune to unholy pain and torment.
You are vulnerable to heat. (rF-)
You are in touch with the powers of death.
You do not drink.
You have a special connection with the divine. (Faith)


Message History

The hobgoblin shouts!
Found a scroll labelled GAGARO KUNABU.
A hobgoblin is nearby!
A kobold and a quokka come into view.
The kobold shouts!
There is an open door here.
Jessica the Apprentice Sorceress comes into view.
She is wielding a +6 club.
Found 6 stones.
The hobgoblin closely misses you.
Jessica mumbles some strange words.
Jessica seems to speed up.
The quokka closely misses you.
You closely miss the hobgoblin. The hobgoblin hits you.
The quokka completely misses you. You block the kobold's attack.
The hobgoblin barely misses you.
You closely miss the kobold. The quokka bites you.
The hobgoblin hits you but does no damage.
The kobold barely misses you. The quokka barely misses you.
You closely miss the kobold. The hobgoblin barely misses you.
The kobold closely misses you.
The quokka bites you but does no damage.
You closely miss the kobold.
Jessica casts a spell.
Jessica blinks!
The quokka barely misses you. The hobgoblin hits you.
The kobold hits you but does no damage. The quokka misses you.
You hit the kobold but do no damage.
Jessica shouts, "You're disturbing me!
I'll have to kill you!" The hobgoblin closely misses you.
The kobold hits you with a +0 whip. The quokka bites you.
Jessica hits you with a +6 club!
* * * LOW HITPOINT WARNING * * *
The kobold hits you with a +0 whip.
* * * LOW HITPOINT WARNING * * *
The hobgoblin closely misses you.
As you read the scroll labelled OMAFAHUROT, it crumbles to dust.
You feel strangely unstable.
It was a scroll of teleportation.
The quokka bites you.
* * * LOW HITPOINT WARNING * * *
Jessica gestures wildly.
Jessica barely misses you. The hobgoblin barely misses you.
The kobold hits you but does no damage.
You barely miss the quokka. Jessica hits you with a +6 club.
You die...

#######.##...........
#.............#######
#.#####.###....... .
#.###..##### ## #
#......## #. #.
###.....## ##. ###..##
##.......## #..
......K###.........###..
......g@@'.........'†...
......r###.........###..
.....#. ##.......## #..
(... #. ##.....## #..
... #. ##...## #.. .. #.
##'## ### . .. #.# ##
#.# ##.##


You could see Jessica (fast), a quokka, a hobgoblin and a kobold.

Vanquished Creatures
  An adder (D:2)
  A worm (D:2)
  A dart slug (D:1)
  4 ball pythons (D:1)
  5 endoplasms
  A goblin (D:1)
  2 hobgoblins (D:1)
  3 jackals (D:1)
  5 kobolds
  2 quokkas (D:1)
  4 bats
  2 frilled lizards (D:1)
  3 rats
34 creatures vanquished.

Vanquished Creatures (others)
  2 demonic plants (D:1)
2 creatures vanquished.

Grand Total: 36 creatures vanquished

Notes
Turn   | Place    | Note
-------+----------+-------------------------------------------
     0 | D:1      | ryw the Mummy Fighter began the quest for the Orb.
     0 | D:1      | Reached XP level 1. HP: 18/18 MP: 1/1
   104 | D:1      | Reached XP level 2. HP: 24/24 MP: 2/2
   141 | D:1      | Found a faded altar of an unknown god.
   694 | D:1      | Gained mutation: You are in touch with the powers of death.
                  | [Mummy growth]
   694 | D:1      | Reached XP level 3. HP: 28/29 MP: 3/3
  1156 | D:1      | Identified a scroll of acquirement
  1156 | D:1      | Acquired 751 gold pieces
  1648 | D:2      | Noticed Jessica
  1656 | D:2      | Slain by Jessica

Illustrated notes

Levels and vault maps discovered:
D:1:      dpeg_arrival_signposts, layout_loops_corners,
          shapermc_ecumenical_altar_gd, minmay_tree_intersection
D:2:      layout_loops_corners, minmay_goblin_kobold_house, uniq_jessica

Skill      XL: |  1  2  3 |
---------------+----------+-----
Maces & Flails | 2 3 |  3.3
Fighting       | |  3.0
Armour         | |  2.4
Shields        | |  2.4

Action                     || total
---------------------------++-------
  Melee: Flail             ||   102
    Use: Scroll            ||     3
 Armour: Scale mail        ||    50
  Dodge: Dodged            ||    64
  Block: Buckler           ||    25

Table legend: (Time is in decaauts)
 A = Elapsed time spent in this place.
 B = Non-inter-level travel time spent in this place.
 C = Inter-level travel time spent in this place.
 D = Time resting spent in this place.
 E = Time spent auto-exploring this place.
 F = Levels seen in this place.
 G = Mean time per level.
                   A        B        C        D        E       F      G
               +--------+--------+--------+--------+--------+-----+--------+
         Total |   1687 |   1602 |     85 |      0 |   1314 |   2 |  843.5 |
       Dungeon |   1687 |   1602 |     85 |      0 |   1314 |   2 |  843.5 |
               +--------+--------+--------+--------+--------+-----+--------+

Top non-repeatable levels by time:
     D:1: 1197 daAuts
     D:2: 489 daAuts
